 Dungeon Crawl Stone Soup version 0.23-a0-169-gb21e69520c (console) character file.

1150 Heliocid the Changer (level 8, -7/62 HPs)
             Began as a Grey Draconian Transmuter on Sept 12, 2018.
             Was a Follower of Uskayaw.
             Mangled by Rrauwl's ghost (13 damage)
             ... on level 7 of the Dungeon.
             The game lasted 00:52:47 (5666 turns).

Heliocid the Changer (Grey Draconian Transmuter)    Turns: 5666, Time: 00:52:47

Health: -7/62      AC: 14    Str: 20    XL:     8   Next: 15%
Magic:  3/23       EV: 13    Int: 14    God:    Uskayaw [*.....]
Gold:   300        SH:  0    Dex: 13    Spells: 2/15 levels left

rFire    + . .     SeeInvis .   C - +9 hand axe {chop, rC+ rN+ Str+3}
rCold    + + .     Gourm    .   (no shield)
rNeg     + . .     Faith    .   (armour unavailable)
rPois    +         Spirit   .   (helmet restricted)
rElec    +         Reflect  .   (no cloak)
rCorr    +         Harm     .   B - +2 pair of gloves
MR       .....                  (no boots)
Stlth    ++........             l - amulet of the acrobat
HPRegen  0.20/turn              w - ring of magical power
MPRegen  0.18/turn              A - +4 ring of strength

@: resistant, very slightly contaminated
A: walk through water, unfitting armour, unbreathing, cold-blooded, AC +11
a: Stomp, Renounce Religion


You were on level 7 of the Dungeon.
You worshipped Uskayaw.
Uskayaw was noncommittal.
You were not hungry.

You visited 1 branch of the dungeon, and saw 7 of its levels.

You collected 300 gold pieces.

Inventory:

Hand Weapons
 e - a +0 club
 g - a +0 short sword
 m - a +0 dagger of venom
 p - a +3 short sword of draining
 C - the +9 hand axe of the End (weapon) {chop, rC+ rN+ Str+3}
   (You found it on level 4 of the Dungeon)

   It inflicts extra damage upon your enemies.
   It affects your strength (+3).
   It protects you from cold.
   It protects you from negative energy.
 E - a +2 whip of pain
Missiles
 a - 111 arrows
 h - 27 poisoned needles
 k - 142 stones (quivered)
 y - 16 bolts
 F - 2 tomahawks
Armour
 s - a +1 pair of gloves
 B - a +2 pair of gloves (worn)
Jewellery
 l - an amulet of the acrobat (around neck)
 w - a ring of magical power (left hand)
 A - a +4 ring of strength (right hand)
Wands
 I - a wand of acid (9)
Scrolls
 b - 2 scrolls of remove curse
 d - a scroll of magic mapping
 f - 2 scrolls of enchant armour {unknown}
 i - a scroll of fear {unknown}
 j - 2 scrolls of blinking
 o - a scroll of brand weapon {unknown}
 q - a scroll of noise {unknown}
 r - 2 scrolls of enchant weapon {unknown}
 G - a scroll of teleportation {unknown}
 H - a scroll of amnesia {unknown}
 K - a scroll of identify
Potions
 n - a potion of invisibility
 t - a potion of might
 v - a potion of haste {unknown}
 x - a potion of brilliance {unknown}
 z - a potion of curing {unknown}
 D - a potion of heal wounds {unknown}
 J - a potion of agility
Comestibles
 c - 4 rations


   Skills:
 + Level 2.9 Fighting
 + Level 2.6 Short Blades
 + Level 2.7 Axes
 + Level 3.6 Dodging
 + Level 2.3 Stealth
 + Level 4.2 Unarmed Combat
 + Level 4.3 Spellcasting
 * Level 4.6 Transmutations
 + Level 1.1 Poison Magic


You had 2 spell levels left.
You knew the following spells:

 Your Spells              Type           Power        Failure   Level  Hunger
a - Beastly Appendage     Tmut           ###...       2%          1    None
b - Sticks to Snakes      Tmut           ###.....     4%          2    ##.....
c - Spider Form           Tmut/Pois      ##........   17%         3    ###....
d - Blade Hands           Tmut           ###.......   58%         5    ######.
e - Passwall              Tmut/Erth      #.......     11%         2    ##.....

Your spell library contained the following spells:

 Spells                   Type           Power        Failure   Level  Hunger
 Sting                    Conj/Pois      #...         16%         1    None
 Freeze                   Ice            #...         19%         1    None
 Sandblast                Erth           #.....       19%         1    None
 Poisonous Vapours        Pois/Air       #.....       22%         2    ##.....
 Throw Frost              Conj/Ice       #.....       28%         2    ##.....
 Mephitic Cloud           Conj/Pois/Air  #.......     43%         3    ###....
 Ozocubu's Armour         Chrm/Ice       #.......     50%         3    ###....
 Stone Arrow              Conj/Erth      #.....       50%         3    ###....
 Ice Form                 Ice/Tmut       #.......     58%         4    ####...
 Petrify                  Tmut/Erth      #.......     58%         4    ####...
 Olgreb's Toxic Radiance  Pois           #.......     75%         4    ####...
 Summon Ice Beast         Ice/Summ       #.......     88%         4    ####...
 Throw Icicle             Conj/Ice       #.......     88%         4    ####...
 Lee's Rapid Deconstruct  Erth           #.........   99%         5    ######.
 Venom Bolt               Conj/Pois      #.........   99%         5    ######.


Dungeon Overview and Level Annotations

Branches:
Dungeon (7/15)
 Temple: D:4-7

Altars:
Fedhas
Nemelex Xobeh
Ru
Uskayaw
Vehumet
Zin

Shops:
D:6 (

Annotations:
D:7 1 transporter, Rrauwl's ghost, novice OgMo


Innate Abilities, Weirdness & Mutations

You can walk through water.
Your dull iron-grey scales are very hard. (AC +11)
You cannot fit into any form of body armour.
You can survive without breathing.
You are cold-blooded and may be slowed by cold attacks.


Message History

Your ball python closely misses Rrauwl's ghost.
Your ball python bites Rrauwl's ghost but does no damage. x2
Your ball python bites Rrauwl's ghost but does no damage.
Found a stone staircase leading down.
Your ball python misses Rrauwl's ghost.
Rrauwl's ghost hits you.
* * * LOW HITPOINT WARNING * * *
You writhe in agony.
* * * LOW HITPOINT WARNING * * *
You can no longer pass through a line of other dancers.
Found a club.
You feel protected.
Your ball python bites Rrauwl's ghost.
Rrauwl's ghost hits you but does no damage.
You writhe in agony.
* * * LOW HITPOINT WARNING * * *
You hit Rrauwl's ghost. Your punch misses Rrauwl's ghost.
Rrauwl's ghost is heavily damaged.
Your ball python bites Rrauwl's ghost but does no damage.
Rrauwl's ghost hits you!
You die...

#...#...........#.# ...
....#..##...##..#.##.#.
..#.#..#8../8#..#......
....#..##...##..#.....
....#...).©...S.#.#
....#..##...##..#.#
....#..#8...8#..#.#
#...#..##...##..#.###
#...#......@WS..#...#
#.#.#©.......S..#...# #
#.#############...#
.#.......©.........#
.....##...##......#
#....##..###......#
#....##.## #....).#
#....##.# ......#
#....##.####...


You could see Rrauwl's ghost and 2 friendly ball pythons.

Vanquished Creatures
  Grinder (D:6)
  A hippogriff (D:7)
  Eustachio (D:4)
  An orc warrior (D:6)
  A bullfrog (D:6)
  A scorpion (D:4)
  A wight (D:7)
  A howler monkey (D:5)
  2 crimson imps
  An orc priest (D:5)
  A centaur skeleton (D:6)
  An iguana (D:5)
  3 worker ants
  4 gnolls (D:4)
  3 adders (D:2)
  A spectral adder (D:7)
  6 worms
  2 dart slugs
  An adder simulacrum (D:7)
  A leopard gecko (D:4)
  8 orcs
  14 bats
  4 giant cockroaches
  6 goblins
  2 hobgoblins
  2 jackals (D:4)
  3 quokkas
  4 frilled lizards
  10 kobolds
  7 rats
94 creatures vanquished.

Vanquished Creatures (collateral kills)
  A quasit (D:6)
  An orc priest (D:5)
  An adder (D:6)
  A goblin (D:2)
4 creatures vanquished.

Grand Total: 98 creatures vanquished

Notes
Turn   | Place    | Note
-------+----------+-------------------------------------------
     0 | D:1      | Heliocid the Draconian Transmuter began the quest for the
                  | Orb.
     0 | D:1      | Reached XP level 1. HP: 16/16 MP: 3/3
   168 | D:1      | Reached XP level 2. HP: 20/23 MP: 1/5
   801 | D:1      | Learned a level 2 spell: Sticks to Snakes
  1160 | D:2      | Reached XP level 3. HP: 26/28 MP: 0/6
  1366 | D:2      | Reached skill level 1 in Short Blades
  1367 | D:2      | Reached XP level 4. HP: 24/35 MP: 4/7
  1696 | D:2      | Found a glowing silver altar of Zin.
  1946 | D:3      | You fall through a shaft for 3 floors!
  1946 | D:6      | Found a radiant altar of Vehumet.
  1946 | D:6      | Noticed a bullfrog
  1950 | D:6      | Killed a bullfrog
  1970 | D:6      | Reached XP level 5. HP: 5/40 MP: 9/9
  2368 | D:6      | Found Cuamiom's Antique Weapon Boutique.
  2411 | D:5      | Entered Level 5 of the Dungeon
  2419 | D:5      | Reached skill level 1 in Stealth
  2579 | D:4      | Got an encrusted hand axe
  2580 | D:4      | Identified the +9 hand axe of the End {chop, rC+ rN+ Str+3}
                  | (You found it on level 4 of the Dungeon)
  2677 | D:4      | Noticed Eustachio
  2684 | D:4      | Killed Eustachio
  2684 | D:4      | Reached XP level 6. HP: 47/48 MP: 10/10
  2736 | D:4      | Learned a level 3 spell: Spider Form
  3438 | D:4      | Reached skill level 1 in Axes
  3486 | D:4      | Found a sparkling altar of Nemelex Xobeh.
  4093 | D:5      | Found a hide-covered altar of Uskayaw.
  4102 | D:5      | Became a worshipper of Uskayaw the Reveler
  4280 | D:5      | Reached * piety under Uskayaw
  4281 | D:5      | Your scales start taking on a dull iron-grey colour.
  4281 | D:5      | Reached XP level 7. HP: 56/56 MP: 12/12
  4281 | D:5      | Gained mutation: You can survive without breathing. [Grey
                  | Draconian growth]
  4297 | D:5      | Reached ** piety under Uskayaw
  4455 | D:5      | Found a blossoming altar of Fedhas.
  4720 | D:6      | Noticed Grinder
  4729 | D:6      | Paralysed by Grinder for 4 turns
  4771 | D:6      | Killed Grinder
  5021 | D:6      | Learned a level 5 spell: Blade Hands
  5107 | D:6      | Reached skill level 1 in Poison Magic
  5313 | D:6      | Found a sacrificial altar of Ru.
  5370 | D:6      | Learned a level 2 spell: Passwall
  5606 | D:7      | Noticed a hippogriff
  5615 | D:7      | Killed a hippogriff
  5615 | D:7      | Reached XP level 8. HP: 21/62 MP: 6/14
  5619 | D:7      | Found a transporter.
  5622 | D:7      | Noticed Rrauwl's ghost (novice OgMo)
  5626 | D:7      | Found a transporter.
  5644 | D:7      | Reached *** piety under Uskayaw
  5666 | D:7      | Mangled by Rrauwl's ghost

Vault maps used:
D:1:      dpeg_arrival_connections
D:2:      zin_academy, first_ration, corexii_hall_statues_l,
          nrook_loot_triangle, st_stairs_13, minmay_domino_4
D:3:      old_standard_altar
D:4:      lemuel_doored_altar, uniq_eustachio
D:5:      lemuel_coloured_pillars_altar, gammafunk_temple_overflow_statue,
          fedhas_altar_2
D:6:      fiery_altar_vehumet, nicolae_ru_sacrificial_ziggurat, serial_shops,
          shop, uniq_grinder
D:7:      lemuel_temple_firewalk_b, gammafunk_ghost_mausoleum, uniq_joseph

Skill      XL: |  1  2  3  4  5  6  7 |
---------------+----------------------+-----
Dodging        | 2 3 |  3.6
Short Blades   | 1 2 |  2.6
Stealth        | 1 2 |  2.3
Spellcasting   | 3 4 |  4.3
Transmutations | 3 4 |  4.6
Fighting       | 2 |  2.9
Axes           | 1 2 |  2.7
Unarmed Combat | 4 |  4.2
Poison Magic   | 1 |  1.1

Action                   |  1- 3 |  4- 6 |  7- 9 || total
-------------------------+-------+-------+-------++-------
Melee: Unarmed           |     8 |    27 |    25 ||    60
       Short sword       |    72 |    42 |       ||   114
       Tailslap          |    14 |     5 |     4 ||    23
       Headbutt          |     2 |     2 |       ||     4
       Dagger            |    29 |       |       ||    29
       Kick              |     3 |       |       ||     3
       Punch             |     2 |       |     2 ||     4
       Hand axe          |       |    24 |    31 ||    55
 Cast: Beastly Appendage |     9 |     7 |       ||    16
       Sticks to Snakes  |     3 |     8 |    10 ||    21
       Spider Form       |       |     3 |     3 ||     6
       Blade Hands       |       |       |     1 ||     1
Invok: Line Pass         |       |       |     3 ||     3
  Use: Scroll            |     3 |     4 |     1 ||     8
       Potion            |       |     2 |     2 ||     4
 Stab: Sleeping          |       |     2 |     1 ||     3
       Paralysed         |       |       |     1 ||     1
  Eat: Chunk             |     2 |     8 |       ||    10
       Ration            |       |     1 |     2 ||     3
Armor: Skin              |    40 |    44 |    12 ||    96
Dodge: Dodged            |   114 |   114 |    37 ||   265

Table legend:
 A = Non-vault XP
 B = Vault XP
 C = Vault XP percentage of total XP
 D = Non-vault monster count
 E = Vault monster count
 F = Vault count percentage of total count
                 A         B        C        D         E       F
            +---------+---------+-------+---------+---------+-------
      Total |    1147 |     497 |  30.2 |      87 |      11 |  11.2
            +---------+---------+-------+---------+---------+-------
        D:1 |      30 |       0 |   0.0 |      20 |       0 |   0.0
        D:2 |      80 |      13 |  14.0 |      27 |       6 |  18.2
        D:3 |       7 |       0 |   0.0 |       3 |       0 |   0.0
        D:4 |     191 |     180 |  48.5 |      17 |       1 |   5.6
        D:5 |     244 |       0 |   0.0 |       9 |       0 |   0.0
        D:6 |     352 |     252 |  41.7 |      10 |       1 |   9.1
        D:7 |     243 |      52 |  17.6 |       1 |       3 |  75.0
            +---------+---------+-------+---------+---------+-------
